 Dungeon Crawl Stone Soup version 0.26-a0-682-g294304f6e8 (webtiles) character file.

Game seed: 4014732604407600907

61 DogServant the Chopper (level 4, -1/36 HPs)
             Began as a Formicid Gladiator on Oct 21, 2020.
             Slain by an adder (5 damage)
             ... on level 2 of the Dungeon.
             The game lasted 00:01:31 (1868 turns).

DogServant the Chopper (Formicid Gladiator)         Turns: 1868, Time: 00:01:32

Health: -1/36      AC:  3    Str: 20    XL:     4   Next: 27%
Magic:  4/4        EV: 12    Int:  7    God:
Gold:   62         SH:  0    Dex: 12    Spells: 3/3 levels left

rFire    . . .     SeeInvis +   a - +0 war axe
rCold    . . .     Faith    .   (no shield)
rNeg     . . .     Spirit   .   b - +0 leather armour
rPois    .         Reflect  .   (helmet unavailable)
rElec    .         Harm     .   (no cloak)
rCorr    .         Rampage  .   (no gloves)
MR       .....                  (no boots)
Stlth    +.........             (no amulet)
HPRegen  0.12/turn              (no ring)
MPRegen  0.09/turn              (no ring)

@: lethally poisoned (-1 -> -3)
A: permanent stasis, dig shafts and tunnels, four strong arms, antennae 3
a: Dig, Shaft Self


You were on level 2 of the Dungeon.
You visited 1 branch of the dungeon, and saw 2 of its levels.

You collected 62 gold pieces.

Inventory:

Hand Weapons
 a - a +0 war axe (weapon)
Missiles
 c - 3 throwing nets (quivered)
Armour
 b - a +0 leather armour (worn)
Jewellery
 f - an uncursed ring of stealth {unknown}
Scrolls
 d - a scroll of magic mapping {unknown}
 h - a scroll of remove curse {unknown}
 i - 2 scrolls of identify {unknown}
Potions
 e - a potion of resistance {unknown}
 g - a potion of lignification {unknown}


   Skills:
 + Level 3.6 Fighting
 + Level 4.0 Axes
 - Level 2.0 Throwing
 - Level 2.6 Dodging


You had 3 spell levels left.
You didn't know any spells.
Your spell library was empty.

Dungeon Overview and Level Annotations

Branches:
Dungeon (2/15)

Altars:


Innate Abilities, Weirdness & Mutations

You cannot be hasted, slowed, berserked, paralysed or teleported.
You can dig through walls and to a lower floor.
Your four strong arms can wield two-handed weapons with a shield.
You have a pair of large antennae on your head. (SInv)


Message History

The adder misses you. The adder completely misses you.
You barely miss the adder.
The adder is heavily wounded.
You feel sick. The adder bites you but does no damage. The adder bites you.
You miss the adder.
The adder is heavily wounded.
The adder closely misses you.
You hit the adder.
The adder is severely wounded.
You feel sick. The adder bites you. x2
You completely miss the adder.
The adder is severely wounded.
The adder bites you.
* * * LOW HITPOINT WARNING * * *
The adder bites you.
* * * LOW HITPOINT WARNING * * *
You barely miss the adder.
The adder is severely wounded.
The adder bites you.
You die...

.... #. ... #.##..##
#.#...(. #.###.#...#
........### #..S....#
#..@....# # {
#$###.......#. #
#..†.†........# #
#####.......###
##############[......#
##.................).#
##.##############.####
##.# .# †..# .#


You could see an adder.

Vanquished Creatures
  2 worms (D:2)
  3 dart slugs (D:1)
  3 leopard geckos
  2 ball pythons
  3 giant cockroaches
  2 hobgoblins (D:2)
  7 jackals (D:1)
  12 bats
  A frilled lizard (D:2)
  5 kobolds
  6 rats
46 creatures vanquished.

Vanquished Creatures (others)
  A plant (D:1)
1 creature vanquished.

Grand Total: 47 creatures vanquished

Notes
Turn   | Place    | Note
-------+----------+-------------------------------------------
     0 | D:1      | DogServant the Formicid Gladiator began the quest for the
                  | Orb.
     0 | D:1      | Reached XP level 1. HP: 16/16 MP: 1/1
   131 | D:1      | Reached XP level 2. HP: 22/23 MP: 2/2
   736 | D:1      | Reached XP level 3. HP: 27/28 MP: 3/3
  1603 | D:2      | Reached XP level 4. HP: 35/35 MP: 4/4
  1784 | D:2      | Reached skill level 4 in Axes
  1868 | D:2      | Slain by an adder

Illustrated notes

Levels and vault maps discovered:
D:1:      tarquinn_simple_flora_water_a, layout_basic, serial_forest,
          infiniplex_forest_clump_medium, infiniplex_forest_lined_3,
          infiniplex_forest_clump_small, infiniplex_forest_lined_2,
          infiniplex_forest_end_2
D:2:      minmay_wonky_spiral, layout_loops_ring, st_stairs_8, fedhas_altar_1

Skill      XL: |  1  2  3  4 |
---------------+-------------+-----
Fighting       | 3 |  3.6
Axes           | 4 |  4.0
Throwing       | |  2.0
Dodging        | |  2.6

Action                   |  1- 3 |  4- 6 || total
-------------------------+-------+-------++-------
Melee: War axe           |    78 |    53 ||   131
Armor: Leather armour    |    41 |    13 ||    54
Dodge: Dodged            |    80 |    61 ||   141

Table legend: (Time is in decaauts)
 A = Elapsed time spent in this place.
 B = Non-inter-level travel time spent in this place.
 C = Inter-level travel time spent in this place.
 D = Time resting spent in this place.
 E = Time spent auto-exploring this place.
 F = Levels seen in this place.
 G = Mean time per level.
                   A        B        C        D        E       F      G
               +--------+--------+--------+--------+--------+-----+--------+
         Total |   1908 |   1886 |     22 |      0 |   1594 |   2 |  954.0 |
       Dungeon |   1908 |   1886 |     22 |      0 |   1594 |   2 |  954.0 |
               +--------+--------+--------+--------+--------+-----+--------+

Top non-repeatable levels by time:
     D:1: 1396 daAuts
     D:2: 512 daAuts
